 Dungeon Crawl Stone Soup version 0.29.1-12-g30fa7ad0bf (webtiles) character file.

Game seed: 7542885904790124937

43 moxian the Chopper (level 3, -4/52 HPs)
             Began as a Gnoll Cinder Acolyte on Dec 13, 2022.
             Was a High Priest of Ignis.
             Slain by a gnoll
             ... wielding a +0 halberd
              (5 damage)
             ... on level 2 of the Dungeon.
             The game lasted 00:13:10 (1979 turns).

moxian the Chopper (Gnoll Cinder Acolyte)           Turns: 1979, Time: 00:13:10

Health: -4/52      AC: 21    Str: 13    XL:     3   Next: 58%
Magic:  7/7        EV:  2    Int: 13    God:    Ignis [*****.]
Gold:   88         SH:  0    Dex:  9    Spells: 5/7 levels left

rFire   . . .      SeeInvis .   p - +1 dagger (venom)
rCold   + . .      Faith    .   (no shield)
rNeg    . . .      Spirit   .   (body armour currently unavailable)
rPois   +          Reflect  .   (helmet currently unavailable)
rElec   .          Harm     .   (cloak currently unavailable)
rCorr   .          Rampage  .   (gloves currently unavailable)
Will    +....      NoTele   +   (boots currently unavailable)
Stlth   +.........              (no amulet)
HPRegen 0.17/turn               f - ring of ice
MPRegen 0.10/turn               (no ring)

@: lethally poisoned (-4 -> -8), tree-form
A: stationary, stasis, torment immunity, boosted hp, (fangs 1), strong nose,
distributed training, (cold resistance 1), deterioration 1, strong-willed 1,
evolution 1
a: Renounce Religion, Fiery Armour, Foxfire Swarm, Rising Flame


You were on level 2 of the Dungeon.
You worshipped Ignis.
Ignis was extremely pleased with you.
You were a tree.
You visited 1 branch of the dungeon, and saw 2 of its levels.

You collected 118 gold pieces.
You spent 30 gold pieces at shops.

Inventory:

Hand Weapons
 a - a -1 hand axe of flaming
 d - a +2 dagger of freezing
 h - a +0 sling
 p - a +1 dagger of venom (weapon)
Missiles
 n - 18 stones (quivered)
 o - 2 poisoned darts
Armour
 b - a +0 robe (melded)
 c - a +0 pair of gloves (melded)
 i - a +0 ring mail
Jewellery
 f - a ring of ice (left branch)
Scrolls
 e - a scroll of enchant armour {unknown}
 j - 3 scrolls of identify
 l - 2 scrolls of amnesia {unknown}
 m - a scroll of silence {unknown}


   Skills:
 + Level 6.5 Fighting
 + Level 0.9 Short Blades
 + Level 0.9 Long Blades
 + Level 6.5 Axes
 + Level 0.9 Maces & Flails
 + Level 0.9 Polearms
 + Level 0.9 Staves
 + Level 0.9 Ranged Weapons
 + Level 0.9 Throwing
 + Level 0.9 Armour
 + Level 0.9 Dodging
 + Level 0.9 Stealth
 + Level 0.9 Shields
 + Level 0.9 Unarmed Combat
 + Level 2.8 Spellcasting
 + Level 0.6 Conjurations
 + Level 0.6 Hexes
 + Level 0.6 Summonings
 + Level 0.6 Necromancy
 + Level 0.6 Translocations
 + Level 0.6 Transmutations
 + Level 5.4 Fire Magic
 + Level 0.6 Ice Magic
 + Level 0.6 Air Magic
 + Level 0.6 Earth Magic
 + Level 0.6 Poison Magic
 + Level 1.0 Invocations
 + Level 0.9 Evocations


You had 5 spell levels left.
You knew the following spells:

 Your Spells              Type           Power      Damage    Failure   Level
a - Scorch                Fire           32%        2d7       3%          2

Your spell library contained the following spells:

 Spells                   Type           Power      Damage    Failure   Level
 Portal Projectile        Hex/Tloc       6%         N/A       47%         3
 Tukima's Dance           Hex            3%         N/A       47%         3
 Passage of Golubria      Tloc           3%         N/A       87%         4
 Blade Hands              Tmut           1%         N/A       99%         5
 Yara's Violent Unravell  Hex/Tmut       1%         3d3       99%         5


Dungeon Overview and Level Annotations

Branches:
Dungeon (2/15)

Altars:

Shops:
D:1 [!?(*


Innate Abilities, Weirdness & Mutations

You are a tree.
Your roots penetrate the ground, keeping you stationary.
You cannot be teleported.
You are immune to unholy pain and torment.
Your maximum health is greatly increased.
Your equipment is partially melded.
((You have very sharp teeth.))
Your uncanny sense of smell can sniff out nearby items.
Your experience applies equally to all skills.
((Your flesh is cold resistant. (rC+)))
Your body sometimes deteriorates upon taking damage.
You are strong-willed. (Will+)
You have hidden genetic potential.


Message History

You closely miss the gnoll.
You feel sick. The gnoll completely misses you.
You hit the gnoll.
The gnoll is poisoned.
The gnoll is lightly wounded.
You feel sick.
The gnoll hits you from afar with a +0 halberd.
The gnoll completely misses you.
You closely miss the gnoll.
The gnoll is lightly wounded.
You feel sick.
The gnoll hits you from afar with a +0 halberd.
The gnoll closely misses you.
You hit the gnoll but do no damage.
The gnoll is moderately wounded.
You feel sick. The gnoll barely misses you.
The gnoll hits you with a +0 whip of venom.
You are lethally poisoned!
* * * LOW HITPOINT WARNING * * *
You feel very sick.
The gnoll looks more healthy.
* * * LOW HITPOINT WARNING * * *
You feel sick.
It was a potion of mutation.
You feel extremely strange.
You feel strong-willed.
You feel yourself wasting away.
You feel a hidden potential growing inside you.
You feel resistant to cold.
* * * LOW HITPOINT WARNING * * *
You feel very sick. The gnoll barely misses you.
It was a potion of lignification.
You turn into a tree.
Your +0 pair of gloves melds into your body.
Your +0 robe melds into your body.
Your roots penetrate the ground.
* * * LOW HITPOINT WARNING * * *
You feel sick. The gnoll hits you but does no damage.
You are too injured to fight recklessly!
You barely miss the gnoll.
The gnoll is severely wounded.
* * * LOW HITPOINT WARNING * * *
You feel sick.
The gnoll hits you from afar with a +0 halberd.
You die...

#.##.# ..##.#
..###.# .##
#.####### .g
#.g...†.# .g
########.# ..
#g.......#
#g##.#.###
#.♣#...#
#######.#####
∆ #.......#
#.#######
#.#######
#.#.....#
#.#.###.#
#...###.#
#..........#


You could see 2 gnolls.

Vanquished Creatures
  An adder (D:2)
  A worm (D:2)
  2 bats (D:1)
  3 endoplasms (D:1)
  A giant cockroach (D:1)
  2 goblins
  3 hobgoblins
  3 jackals (D:1)
  2 quokkas
  3 ball pythons (D:1)
  4 kobolds
  3 rats (D:1)
28 creatures vanquished.

Vanquished Creatures (others)
  2 fungi (D:1)
2 creatures vanquished.

Grand Total: 30 creatures vanquished

Notes
Turn   | Place    | Note
-------+----------+-------------------------------------------
     0 | D:1      | moxian the Gnoll Cinder Acolyte began the quest for the
                  | Orb.
     0 | D:1      | Reached XP level 1. HP: 23/23 MP: 4/4
    60 | D:1      | Found Xaufoloj's Antique Weapon Boutique.
    86 | D:1      | Found Kodap's Assorted Antiques.
   119 | D:1      | Found Neix's Magic Scroll Emporium.
   188 | D:1      | Found a faded altar of an unknown god.
   219 | D:1      | Reached XP level 2. HP: 17/29 MP: 5/5
   639 | D:1      | Found Peleng's Armour Emporium.
   700 | D:1      | Found Campuamn's Distillery.
   707 | D:1      | Bought a potion of degeneration for 10 gold pieces
   980 | D:1      | Bought a scroll of identify for 20 gold pieces
  1082 | D:2      | Reached XP level 3. HP: 21/35 MP: 7/7
  1538 | D:1      | Learned a level 2 spell: Scorch
  1856 | D:2      | Reached skill level 1 in Invocations
  1977 | D:2      | Gained mutation: You are strong-willed. (Will+) [potion of
                  | mutation]
  1977 | D:2      | Gained mutation: Your body sometimes deteriorates upon
                  | taking damage. [potion of mutation]
  1977 | D:2      | Gained mutation: You have hidden genetic potential. [potion
                  | of mutation]
  1977 | D:2      | Gained mutation: Your flesh is cold resistant. (rC+)
                  | [potion of mutation]
  1979 | D:2      | HP: 1/52 [poisoned by a gnoll]
  1979 | D:2      | Slain by a gnoll

Illustrated notes

Levels and vault maps discovered:
D:1:      reono_arrival_mine, layout_loops_cross,
          dreamdust_ecumenical_altar_grove, serial_shops,
          nicolae_shop_waterfront, shop, nicolae_diamond_shop,
          nicolae_diamond_shop, nicolae_shop_stone
D:2:      layout_basic

Skill      XL: |  1  2  3 |
---------------+----------+-----
Invocations    | 1 |  1.0
Fighting       | |  6.5
Short Blades   | |  0.9
Long Blades    | |  0.9
Axes           | |  6.5
Maces & Flails | |  0.9
Polearms       | |  0.9
Staves         | |  0.9
Ranged Weapons | |  0.9
Throwing       | |  0.9
Armour         | |  0.9
Dodging        | |  0.9
Stealth        | |  0.9
Shields        | |  0.9
Unarmed Combat | |  0.9
Spellcasting   | |  2.8
Conjurations   | |  0.6
Hexes          | |  0.6
Summonings     | |  0.6
Necromancy     | |  0.6
Translocations | |  0.6
Transmutations | |  0.6
Fire Magic     | |  5.4
Ice Magic      | |  0.6
Air Magic      | |  0.6
Earth Magic    | |  0.6
Poison Magic   | |  0.6
Evocations     | |  0.9

Action                   || total
-------------------------++-------
Melee: Dagger            ||   106
       Hand axe          ||     2
       Bite              ||     6
 Cast: Scorch            ||     1
  Use: Potion            ||     2
 Stab: Sleeping          ||     1
Armor: Robe              ||    18
       Skin              ||     1
Dodge: Dodged            ||    58
